 Dungeon Crawl Stone Soup version 0.32-a0-996-gb3226c233f (webtiles) character file.

Game seed: 3796143402820647339

62 CowFu the Chopper (level 3, -3/31 HPs)
             Began as a Mountain Dwarf Fighter on Apr 23, 2024.
             Killed from afar by Natasha (9 damage)
             ... with a puff of flame
             ... on level 3 of the Dungeon.
             The game lasted 00:01:39 (1218 turns).

CowFu the Chopper (Mountain Dwarf Fighter)          Turns: 1218, Time: 00:01:40

Health: -3/31      AC:  6    Str: 20    XL:     3   Next: 85%
Magic:  3/3        EV:  8    Int:  8    God:
Gold:   90         SH:  4    Dex:  9    Spells: 2/2 levels left

rFire   . . .        a - +0 war axe
rCold   . . .        c - +0 buckler
rNeg    . . .        b - +0 scale mail
rPois   .            (no helmet)
rElec   .            (no cloak)
rCorr   .            (no gloves)
SInv    .            (no boots)
Will    .....        (no amulet) Stlth
                     (no ring)
HPRegen 0.25/turn    (no ring)
MPRegen 0.08/turn

%: no passive effects
@: no status effects
A: runic magic, artefact enchanting
a: no special abilities


You were on level 3 of the Dungeon.
You visited 1 branch of the dungeon, and saw 3 of its levels.

You collected 90 gold pieces.

Inventory:

Hand Weapons
 a - a +0 war axe (weapon)
Armour
 b - a +0 scale mail (worn)
 c - a +0 buckler (worn)
Wands
 k - a wand of mindburst (7)
Scrolls
 e - a scroll of revelation {unknown}
 f - a scroll of immolation {unknown}
 h - a scroll of enchant weapon {unknown}
 l - a scroll of torment {unknown}
Potions
 d - a potion of might
 g - a potion of mutation {unknown}
 i - a potion of ambrosia {unknown}
 j - a potion of resistance {unknown}
 m - a potion of magic {unknown}


   Skills:
 - Level 3.2 Fighting
 + Level 5.1 Axes
 - Level 3.2 Armour
 - Level 3.2 Shields


You had 2 spell levels left.
You didn't know any spells.
Your spell library contained the following spells:

 Spells                   Type           Power      Damage    Failure   Level
 Fugue of the Fallen      Necr           0%         N/A       91%         3
 Ozocubu's Armour         Ice            0%         N/A       91%         3
 Manifold Assault         Tloc           0%         N/A       100%        7


Dungeon Overview and Level Annotations

Branches:
Dungeon (3/15)

Altars:

Annotations:
D:3 Natasha


Innate Abilities, Weirdness & Mutations

Your spellcasting is much less encumbered by armour.
You can use scrolls of enchantment on lesser artefacts.


Message History

You are too injured to fight recklessly!
You are too injured to fight recklessly!
You are too injured to fight recklessly!
You are too injured to fight recklessly!
You are too injured to fight recklessly!
You are too injured to fight recklessly!
You are too injured to fight recklessly!
You are too injured to fight recklessly!
You are too injured to fight recklessly!
You are too injured to fight recklessly!
You are too injured to fight recklessly!
You are too injured to fight recklessly!
You are too injured to fight recklessly!
You are too injured to fight recklessly!
You are too injured to fight recklessly!
You are too injured to fight recklessly!
You are too injured to fight recklessly!
You are too injured to fight recklessly!
You are too injured to fight recklessly!
You are too injured to fight recklessly!
You are too injured to fight recklessly!
You barely miss the goblin. You hit the rat. The goblin barely misses you.
You block the rat's attack.
You slash the goblin!
You kill the goblin!
You closely miss the rat.
Natasha growls.
Natasha zaps a wand.
The puff of flame hits you.
* * * LOW HITPOINT WARNING * * *
The rat splashes around in the water.
You block the rat's attack.
Things that are here:
a +0 dagger; a goblin corpse You slash the rat!
You kill the rat!
Natasha mumbles some strange words.
You closely miss the cerulean imp.
Natasha zaps a wand.
The puff of flame hits you!
You die...
Natasha begins licking her fur clean.

#.#.#......(................
##.#.#.#..#.#.#.#####........
#....#.#....#.#.# ##...####
#.........###.#.# ###..#
#...##.###......###### ....
#.............###~~~~# .....
#...##.###.#h###~~~~~~ .###
#.. #.# # #....~~.... #. #.#
#.5@~~..... # #.# #..†....~~.
#.# #..~..~~..~ #.#
.....~~....~ #........⌠~~.
#.......~~⌠.. #.#....~....~
#.#....~..~~.


You could see Natasha and a cerulean imp (summoned).

Vanquished Creatures
  Natasha (D:3)
  2 dart slugs
  A ribbon worm (D:2)
  4 endoplasms
  A giant cockroach (D:2)
  4 goblins
  5 hobgoblins
  3 kobolds
  2 ball pythons
  A bat (D:1)
  A frilled lizard (D:2)
  5 rats
30 creatures vanquished.

Notes
Turn   | Place    | Note
-------+----------+-------------------------------------------
     0 | D:1      | CowFu the Mountain Dwarf Fighter began the quest for the
                  | Orb.
     0 | D:1      | Reached XP level 1. HP: 19/19 MP: 1/1
   323 | D:1      | Reached skill level 3 in Axes
   336 | D:1      | Reached XP level 2. HP: 26/26 MP: 2/2
   714 | D:2      | Reached skill level 4 in Axes
  1005 | D:2      | Reached XP level 3. HP: 27/31 MP: 3/3
  1176 | D:3      | Noticed Natasha
  1186 | D:3      | Killed Natasha
  1187 | D:3      | Reached skill level 5 in Axes
  1211 | D:3      | Noticed Natasha
  1218 | D:3      | Killed from afar by Natasha

Illustrated notes

Levels and vault maps discovered:
D:1:      lightli_arrival_noodles, layout_basic
D:2:      layout_rooms
D:3:      cheibrodos_helix_gallery, layout_basic,
          nicolae_overflow_hidden_temple, uniq_natasha, uniq_terence

Skill      XL: |  1  2  3 |
---------------+----------+-----
Axes           | 3 4 5 |  5.1
Fighting       | |  3.2
Armour         | |  3.2
Shields        | |  3.2

Action                     || total
---------------------------++-------
  Melee: War axe           ||    86
 Armour: Scale mail        ||    63
  Dodge: Dodged            ||    25
  Block: Buckler           ||    21

Table legend: (Time is in decaauts)
 A = Elapsed time spent in this place.
 B = Non-inter-level travel time spent in this place.
 C = Inter-level travel time spent in this place.
 D = Time resting spent in this place.
 E = Time spent auto-exploring this place.
 F = Levels seen in this place.
 G = Mean time per level.
                   A        B        C        D        E       F      G
               +--------+--------+--------+--------+--------+-----+--------+
         Total |   1247 |   1229 |     18 |      0 |    978 |   3 |  415.7 |
       Dungeon |   1247 |   1229 |     18 |      0 |    978 |   3 |  415.7 |
               +--------+--------+--------+--------+--------+-----+--------+

Top non-repeatable levels by time:
     D:1: 614 daAuts
     D:2: 550 daAuts
     D:3: 82 daAuts
